 Dungeon Sprint DCSS version 0.29-a0-857-g9b1aa3ac5b (webtiles) character file.

Game seed: 10896071869211135777

174 manyhoops the Carver (level 5, -1/49 HPs)
             Began as a Human Berserker on July 16, 2022.
             Was a Believer of Trog.
             Slain by a scorpion (4 damage)
             ... in the Dungeon (Sprint II: "The Violet Keep of Menkaure").
             The game lasted 00:00:15 (20 turns).

manyhoops the Carver (Human Berserker)                Turns: 20, Time: 00:00:16

Health: -1/49      AC:  2    Str: 19    XL:     5   Next: 84%
Magic:  5/5        EV: 12    Int:  8    God:    Trog [**....]
Gold:   0          SH:  0    Dex: 12    Spells: 4/4 levels left

rFire   . . .      SeeInvis .   a - +0 falchion
rCold   . . .      Faith    .   (no shield)
rNeg    . . .      Spirit   .   b - +0 animal skin
rPois   .          Reflect  .   (no helmet)
rElec   .          Harm     .   (no cloak)
rCorr   .          Rampage  .   (no gloves)
Will    .....      NoTele   +   (no boots)
Stlth   +.........              (no amulet)
HPRegen 0.16/turn               (no ring)
MPRegen 0.09/turn               (no ring)

@: lethally poisoned (-1 -> -20), on berserk cooldown, slowed, very slow
A: no striking features
a: Renounce Religion, Berserk, Trog's Hand


You were in the Dungeon.
You worshipped Trog.
Trog was pleased with you.
You visited 1 branch

Inventory:

Hand Weapons
 a - a +0 falchion (weapon)
Armour
 b - a +0 animal skin (worn)
Scrolls
 h - a scroll of blinking
Potions
 c - a potion of curing
 d - a potion of heal wounds
 e - a potion of haste
 f - 2 potions of magic
 g - a potion of berserk rage


   Skills:
 + Level 8.0 Fighting
 + Level 8.6 Long Blades
 - Level 2.0 Armour
 - Level 2.0 Dodging


You had 4 spell levels left.
You didn't know any spells.
Your spell library was empty.

Dungeon Overview and Level Annotations

Branches:
Dungeon (1/1)

Altars:


Message History

The scorpion is heavily wounded.
You feel sick. The scorpion barely misses you. The scorpion stings you.
You are more poisoned.
The scorpion poisons you!
You hit the scorpion.
The scorpion is almost dead.
You feel sick.
The scorpion stings you but does no damage.
You slash the scorpion!
You kill the scorpion!
Trog accepts your kill.
You can now call upon Trog for regeneration and willpower.
You feel very sick. The scorpion completely misses you.
Your Fighting skill increases to level 8!
Your Long Blades skill increases to level 8!
You closely miss the scorpion.
You feel sick.
You closely miss the scorpion.
You are no longer berserk.
You are exhausted.
You feel yourself slow down.
You feel sick. The scorpion stings you.
You closely miss the scorpion.
You feel very sick. The scorpion stings you!
You are lethally poisoned!
The scorpion poisons you! The scorpion barely misses you.
You hit the scorpion.
The scorpion is moderately wounded.
* * * LOW HITPOINT WARNING * * *
You feel very sick. The scorpion closely misses you.
You barely miss the scorpion.
The scorpion is moderately wounded.
* * * LOW HITPOINT WARNING * * *
You feel very sick. The scorpion stings you.
* * * LOW HITPOINT WARNING * * *
You are more poisoned.
The scorpion poisons you! The scorpion stings you.
You die...

## ##
##. .##
#.s#†.#
#@# #'#
##.##
+.<.+
##.##
#+#


You could see a scorpion.

Vanquished Creatures
  3 scorpions (D)
3 creatures vanquished.

Notes
Turn   | Place    | Note
-------+----------+-------------------------------------------
     0 | D        | manyhoops the Human Berserker began the quest for the Orb.
     0 | D        | Reached XP level 1. HP: 18/18 MP: 1/1
     1 | D        | Noticed a scorpion
     1 | D        | Noticed a scorpion
     4 | D        | Killed a scorpion
     5 | D        | Reached skill level 5 in Fighting
     5 | D        | Reached XP level 2. HP: 28/28 MP: 2/2
     5 | D        | Reached XP level 3. HP: 34/34 MP: 3/3
     5 | D        | Reached XP level 4. HP: 40/40 MP: 4/4
     6 | D        | Killed a scorpion
     7 | D        | Reached XP level 5. HP: 48/48 MP: 5/5
    15 | D        | Reached ** piety under Trog
    20 | D        | Slain by a scorpion

Illustrated notes

Levels and vault maps discovered:
D:        the_violet_keep_of_menkaure [sprint2_stairs_cluster_1,
          sprint2_shoproom, sprint2_temple, sprint2_basic_supplies,
          sprint2_obstacle_6, sprint2_obstacle_2, sprint2_obstacle_7,
          sprint2_obstacle_4, sprint2_obstacle_3, sprint2_timed_cluster_1,
          sprint2_smallroom_cluster_1, sprint2_smallroom_final_cluster_1,
          sprint2_transparent_cluster_1, sprint2_second_timed_cluster_1,
          sprint2_sniper_area_1, sprint2_heavy_combat_area_1,
          sprint2_mutation_trap_area_1, sprint2_forest_area_1,
          sprint2_light_combat_area_1, sprint2_behind_water_1,
          sprint2_near_end_vault_1]

Skill      XL: |  1  2  3  4  5 |
---------------+----------------+-----
Fighting       | 5 7 8 |  8.0
Long Blades    | 6 7 8 |  8.6
Armour         | |  2.0
Dodging        | |  2.0

Action                   |  1- 3 |  4- 6 || total
-------------------------+-------+-------++-------
Melee: Falchion          |     2 |    14 ||    16
Invok: Berserk           |     1 |       ||     1
Armor: Animal skin       |       |     1 ||     1
Dodge: Dodged            |     1 |     8 ||     9

Table legend: (Time is in decaauts)
 A = Elapsed time spent in this place.
 B = Non-inter-level travel time spent in this place.
 C = Inter-level travel time spent in this place.
 D = Time resting spent in this place.
 E = Time spent auto-exploring this place.
 F = Levels seen in this place.
 G = Mean time per level.
                   A        B        C        D        E       F      G
               +--------+--------+--------+--------+--------+-----+--------+
         Total |     15 |     15 |      0 |      0 |      0 |   1 |   15.0 |
       Dungeon |     15 |     15 |      0 |      0 |      0 |   1 |   15.0 |
               +--------+--------+--------+--------+--------+-----+--------+

Top non-repeatable levels by time:
       D: 15 daAuts
